 Dungeon Crawl Stone Soup version 0.31-a0-358-gac0dbeb3ab (webtiles) character file.

Game seed: 6547096616640734072

42 MacCMillion the Changeling (level 3, 0/28 HPs)
             Began as a Merfolk Shapeshifter on July 26, 2023.
             Slain by an iguana (11 damage)
             ... on level 2 of the Dungeon.
             The game lasted 00:01:53 (1387 turns).

MacCMillion the Changeling (Merfolk Shapeshifter)   Turns: 1387, Time: 00:01:53

Health: 0/28       AC:  6    Str: 17    XL:     3   Next: 56%
Magic:  3/3        EV: 10    Int:  7    God:
Gold:   95         SH:  0    Dex: 14    Spells: 2/2 levels left

rFire   . .          .
                       - Unarmed
rCold   . . .        (no shield)
rNeg    . . .        h - +0 scale mail
rPois   .            (helmet currently unavailable)
rElec   .            (cloak currently unavailable)
rCorr   .            (gloves currently unavailable)
SInv    .            (boots currently unavailable)
Will    .....        (no amulet) Stlth
                     (no ring)
HPRegen 0.24/turn    (no ring)
MPRegen 0.08/turn

%: no passive effects
@: beast-form
A: beast (slay +3), (nimble swimmer 2), mertail
a: Begin Untransformation


You were on level 2 of the Dungeon.
You were a hulking beast.
You visited 1 branch of the dungeon, and saw 2 of its levels.

You collected 95 gold pieces.

Inventory:

Missiles
 f - 6 poisoned darts
 g - 5 javelins
Armour
 a - a +0 animal skin
 h - a +0 scale mail (worn)
Talismans
 c - a beast talisman
Scrolls
 e - a scroll of brand weapon {unknown}
 j - 2 scrolls of teleportation {unknown}
 l - a scroll of summoning {unknown}
 m - a scroll of amnesia {unknown}
Potions
 b - a potion of lignification
 d - 3 potions of enlightenment {unknown}
 i - a potion of resistance {unknown}
 k - a potion of magic {unknown}


   Skills:
 + Level 2.4 Fighting
 - Level 2.6 Dodging
 + Level 4.0 Unarmed Combat
 - Level 4.3 Shapeshifting


You had 2 spell levels left.
You didn't know any spells.
Your spell library was empty.

Dungeon Overview and Level Annotations

Branches:
Dungeon (2/15)

Altars:


Innate Abilities, Weirdness & Mutations

You are a hulking beast.
Your limbs bulge with bestial killing power. (Slay +3)
((You are very nimble when in or above water. (Stealth+, EV+, Speed+++)))
Your lower body shifts to a powerful aquatic tail in water.


Message History

The bat barely misses you.
Your Unarmed Combat skill increases to level 4!
The bat hits you but does no damage. The bat hits you.
The bat hits you but does no damage.
You miss the bat. The bat hits you but does no damage. The bat misses you.
The bat barely misses you.
You punch the bat!
You kill the bat!
The frilled lizard bites you.
You punch the frilled lizard!
You kill the frilled lizard!
No target in view!
l - a scroll labelled QOYLIFI ILYANUJ You now have 91 gold pieces (gained 5).
You now have 95 gold pieces (gained 4).
m - a scroll labelled FIC OJEDGHAEKOR An iguana comes into view.
The iguana hisses angrily.
An iguana is nearby!
An iguana is nearby!
You barely miss the iguana. The iguana bites you!
You hit the iguana.
The iguana is lightly wounded.
The iguana bites you but does no damage.
You hit the iguana but do no damage.
The iguana is lightly wounded.
The iguana bites you.
You hit the iguana but do no damage.
The iguana is lightly wounded.
The iguana bites you.
You hit the iguana.
The iguana is heavily wounded.
The iguana closely misses you.
You hit the iguana.
The iguana is heavily wounded.
The iguana bites you but does no damage.
You closely miss the iguana.
The iguana is heavily wounded.
The iguana bites you!
You die...

............##...#####......
............##..............
##........#.#.......##..####
######.#.#............##
#.#.##............#
#.#.....##.........#
#...#◎..###....>...#
###.....# ##.#####..#
###h### #.# ... #l# #.# ..
#.....# .# ##......##
#....## ...## ...# ..# ..#


You could see an iguana.

Vanquished Creatures
  A worm (D:2)
  3 bats
  2 endoplasms (D:1)
  2 giant cockroaches (D:1)
  A goblin (D:1)
  A hobgoblin (D:1)
  6 jackals (D:1)
  3 quokkas
  8 ball pythons (D:1)
  4 frilled lizards
  A kobold (D:1)
  4 rats
36 creatures vanquished.

Notes
Turn   | Place    | Note
-------+----------+-------------------------------------------
     0 | D:1      | MacCMillion the Merfolk Shapeshifter began the quest for
                  | the Orb.
     0 | D:1      | Reached XP level 1. HP: 15/15 MP: 1/1
    76 | D:1      | Reached XP level 2. HP: 6/21 MP: 2/2
   672 | D:1      | Reached XP level 3. HP: 27/27 MP: 3/3
  1387 | D:2      | Slain by an iguana

Illustrated notes

Levels and vault maps discovered:
D:1:      amcnicky_arrival_underground_garden, layout_loops_ring
D:2:      layout_rooms, basic_ecumenical_altar, minmay_box_of_dots

Skill      XL: |  1  2  3 |
---------------+----------+-----
Fighting       | 2 |  2.4
Unarmed Combat | 4 |  4.0
Dodging        | |  2.6
Shapeshifting  | |  4.3

Action                     || total
---------------------------++-------
  Melee: Unarmed           ||   108
         Punch             ||     3
   Stab: Sleeping          ||     2
 Armour: Animal skin       ||    14
         Scale mail        ||    20
  Dodge: Dodged            ||    67

Table legend: (Time is in decaauts)
 A = Elapsed time spent in this place.
 B = Non-inter-level travel time spent in this place.
 C = Inter-level travel time spent in this place.
 D = Time resting spent in this place.
 E = Time spent auto-exploring this place.
 F = Levels seen in this place.
 G = Mean time per level.
                   A        B        C        D        E       F      G
               +--------+--------+--------+--------+--------+-----+--------+
         Total |   1379 |   1334 |     45 |    345 |    720 |   2 |  689.5 |
       Dungeon |   1379 |   1334 |     45 |    345 |    720 |   2 |  689.5 |
               +--------+--------+--------+--------+--------+-----+--------+

Top non-repeatable levels by time:
     D:1: 1237 daAuts
     D:2: 142 daAuts
